AoeStats
← CNZS_carlar

Arena

510568189Analyzed
4v4 RM · 23h ago on Oct 1, 2026· 38m 6s· 8 players
Game mode
Random Map
Map size
Large (8 player)
Population
200
Speed
Normal
Resources
Standard
Victory
Conquest
Starting age
Dark Age
Ending age
Imperial Age
RankedLock teamsTeams togetherTeam positionsShared explorationLock speedFull tech treeHidden civsTurbo modeCheats
Victory
Defeat
🇨🇳 Mongols · China
1131
+14
🇹🇷 Saxons · Türkiye
1100
+15
🇹🇼 Romans · Taiwan
1096
+15
🇹🇼 Ethiopians · Taiwan
1085
+16
🇸🇰 Franks · Slovakia
1161
-17
🇨🇿 Italians · Czechia
1124
-17
🇬🇧 Japanese · United Kingdom
1029
-13
🇮🇪 Huns · Ireland
1021
-13
ThisIsGood
2:44 Loom
10:03 Feudal Age
13:42 Castle Age
15:45 Double-Bit Axe
17:26 Bow Saw
17:39 Gold Mining
30:29 Scale Mail Armor
30:41 Forging
31:49 Wheelbarrow
36:45 Imperial Age
37:47 Fletching
37:58 Padded Archer Armor
37:48 Fletching
TawdryCorn6602
12:13 Feudal Age
16:05 Castle Age
14:22 Horse Collar
15:11 Double-Bit Axe
17:35 Bow Saw
18:04 Heavy Plow
22:32 Wheelbarrow
21:55 Stone Mining
22:47 Gold Mining
24:59 Hand Cart
29:08 Imperial Age
27:00 Man-at-Arms
27:52 Forging
27:43 Scale Mail Armor
27:45 Squires
28:26 Town Watch
29:21 Ballistics
28:28 Long Swordsman
29:24 Town Patrol
29:10 Loom
29:18 Legionary
31:56 Iron Casting
31:37 Chain Mail Armor
32:19 Crop Rotation
32:46 Comitatenses
32:49 Conscription
32:39 Scale Barding Armor
33:38 Blast Furnace
34:47 Chemistry
35:11 Elite Centurion
36:19 Chain Barding Armor
37:20 Gold Shaft Mining
Kebabs&Roses
10:21 Feudal Age
11:12 Double-Bit Axe
13:59 Castle Age
12:46 Horse Collar
14:04 Loom
16:23 Bow Saw
20:46 Wheelbarrow
20:01 Town Watch
21:45 Gold Mining
22:49 Fletching
22:51 Crossbowman
23:35 Padded Archer Armor
24:28 Gold Shaft Mining
25:10 Hand Cart
24:58 Bodkin Arrow
26:18 Ballistics
25:52 Stone Mining
29:14 Imperial Age
27:50 Thumb Ring
29:53 Town Patrol
30:16 Leather Archer Armor
30:09 Bracer
31:16 Chemistry
29:58 Arbalester
31:12 Capped Ram
32:34 Siege Ram
33:56 Leather Archer Armor
CNZS_carlar
10:09 Feudal Age
13:47 Castle Age
12:02 Double-Bit Axe
12:39 Horse Collar
20:38 Wheelbarrow
22:34 Gold Mining
22:47 Heavy Plow
23:39 Bow Saw
24:15 Gold Shaft Mining
28:05 Imperial Age
26:57 Scale Barding Armor
27:02 Forging
28:24 Bloodlines
28:14 Husbandry
29:59 Chain Barding Armor
30:15 Iron Casting
31:10 Elite Steppe Lancer
34:16 Loom
34:47 Hand Cart
37:48 Conscription
37:31 Nomads
37:52 Drill
37:04 Sappers
38:09 Hoardings
36:58 Elite Mangudai
37:42 Scale Mail Armor
39:02 Chemistry
38:13 Masonry
37:58 Town Watch
38:26 Fortified Wall
q721372930
11:28 Feudal Age
11:42 Feudal Age
13:23 Double-Bit Axe
13:23 Horse Collar
15:47 Castle Age
13:33 Loom
14:01 Stone Mining
17:12 Bow Saw
20:10 Wheelbarrow
22:08 Heavy Plow
25:29 Hand Cart
25:47 Gold Mining
27:08 Gold Shaft Mining
31:16 Imperial Age
30:48 Marauders
30:59 Scale Barding Armor
31:06 Forging
30:59 Husbandry
31:09 Bloodlines
31:21 Fletching
32:37 Conscription
32:49 Chain Barding Armor
31:52 Elite Tarkan
33:13 Iron Casting
35:19 Plate Barding Armor
Wandraak
9:46 Feudal Age
13:35 Castle Age
12:28 Double-Bit Axe
12:39 Horse Collar
14:36 Bow Saw
19:37 Fervor
20:16 Wheelbarrow
25:31 Imperial Age
23:26 Stone Mining
23:52 Heavy Plow
26:08 Loom
26:42 Hand Cart
26:40 Guilds
33:51 Sanctity
House of Bebu
10:57 Feudal Age
12:05 Loom
15:13 Castle Age
13:09 Stone Mining
13:16 Double-Bit Axe
14:16 Horse Collar
15:20 Fletching
17:00 Bow Saw
18:18 Heavy Plow
19:37 Gold Mining
20:53 Bodkin Arrow
24:26 Forging
26:46 Gold Shaft Mining
27:24 Murder Holes
28:08 Ballistics
32:13 Imperial Age
30:19 Wheelbarrow
30:13 Town Watch
31:07 Iron Casting
30:54 Yasama
31:22 Guard Tower
34:27 Two-Man Saw
34:13 Keep
33:25 Arrowslits
35:06 Onager
37:14 Conscription
kingouš
10:19 Feudal Age
14:28 Castle Age
12:46 Double-Bit Axe
15:50 Bow Saw
22:12 Loom
23:07 Wheelbarrow
24:57 Hand Cart
25:05 Fletching
25:15 Padded Archer Armor
26:30 Bodkin Arrow
26:50 Leather Archer Armor
27:25 Scale Barding Armor
27:30 Forging
27:22 Husbandry
30:11 Imperial Age
28:30 Ballistics
27:34 Ordonnance Companies
29:59 Chain Barding Armor
29:44 Scale Mail Armor
30:20 Iron Casting
30:43 Squires
30:29 Arson
30:15 Cranequins
31:01 Heavy Mounted Crossbowman
33:05 Siege Engineers
34:00 Chemistry
33:12 Fortified Wall
33:13 Masonry
Connection lost

Rejoining the realm…

Still unreachable

The connection could not be restored.

Session expired

The server has moved on; the page needs a fresh start.